 Dungeon Crawl Stone Soup version 0.24.0-37-gcf1ca852f1 (webtiles) character file.

Game seed: 8858865041990806069, levelgen mode: deterministic

110 FessEmpty the Gusty (level 4, 0/24 HPs)
             Began as a Tengu Air Elementalist on Nov 23, 2019.
             Slain by an orc priest
             ... wielding a +1 short sword of speed
              (5 damage)
             ... on level 3 of the Dungeon.
             The game lasted 00:11:44 (2287 turns).

FessEmpty the Gusty (Tengu Air Elementalist)        Turns: 2287, Time: 00:11:44

Health: 0/24       AC:  5    Str:  9    XL:     4   Next: 91%
Magic:  2/8        EV: 12    Int: 16    God:
Gold:   116        SH:  0    Dex: 14    Spells: 6/7 levels left

rFire    . . .     SeeInvis .   (no weapon)
rCold    . . .     Gourm    .   (no shield)
rNeg     . . .     Faith    .   a - +0 robe
rPois    .         Spirit   .   (helmet restricted)
rElec    .         Reflect  .   (no cloak)
rCorr    .         Harm     .   g - +2 pair of gloves
MR       .....                  (boots unavailable)
Stlth    ++........             (no amulet)
HPRegen  0.08/turn              (no ring)
MPRegen  0.11/turn              (no ring)

@: no status effects
A: beak, talons 3
a: no special abilities


You were on level 3 of the Dungeon.
You were hungry.

You visited 1 branch of the dungeon, and saw 3 of its levels.

You collected 116 gold pieces.

Inventory:

Missiles
 m - 3 datura-tipped darts (quivered)
Armour
 a - a +0 robe (worn)
 g - a +2 pair of gloves (worn)
Scrolls
 b - 2 scrolls of identify {unknown}
 e - a scroll of immolation {unknown}
 h - a scroll of teleportation {unknown}
 i - 2 scrolls of enchant armour {unknown}
 j - 2 scrolls of remove curse {unknown}
 k - a scroll of amnesia {unknown}
Potions
 d - a potion of lignification {unknown}
 l - a potion of mutation {unknown}
Comestibles
 c - a ration
 f - 9 chunks of flesh


   Skills:
 - Level 2.1 Dodging
 - Level 2.0 Stealth
 - Level 2.0 Spellcasting
 + Level 3.6 Conjurations
 + Level 6.3 Air Magic


You had 6 spell levels left.
You knew the following spells:

 Your Spells              Type           Power        Failure   Level  Hunger
a - Shock                 Conj/Air       ###.         2%          1    #......

Your spell library contained the following spells:

 Spells                   Type           Power        Failure   Level  Hunger
 Swiftness                Chrm/Air       ##......     9%          2    ###....
 Static Discharge         Conj/Air       ###.....     9%          3    ###....
 Airstrike                Air            ###.......   16%         4    #####..
 Lightning Bolt           Conj/Air       ###.......   58%         5    ######.


Dungeon Overview and Level Annotations

Branches:
Dungeon (3/15)

Altars:

Annotations:
D:3 Sigmund


Innate Abilities, Weirdness & Mutations

You have a beak for a mouth.
You have claws for feet.


Message History

Casting: Shock (safe; 3% risk of failure)
Confirm with . or Enter, or press ? or * to list all spells.
Aiming: Shock (safe; 3% risk of failure)
Press: ? - help, Shift-Dir - straight line, f - dart slug
Aim: a dart slug (clinging)
The zap hits the dart slug.
The dart slug is moderately wounded.
Casting: Shock (safe; 3% risk of failure)
Confirm with . or Enter, or press ? or * to list all spells.
Aiming: Shock (safe; 3% risk of failure)
Press: ? - help, Shift-Dir - straight line, f/p - dart slug
Aim: a dart slug (moderately wounded, clinging)
The zap hits the dart slug.
The dart slug is almost dead.
The dart slug launches a dart at you. The slug dart misses you.
Casting: Shock (safe; 3% risk of failure)
Confirm with . or Enter, or press ? or * to list all spells.
Aiming: Shock (safe; 3% risk of failure)
Press: ? - help, Shift-Dir - straight line, f/p - dart slug
Aim: a dart slug (almost dead, clinging)
The zap hits the dart slug!
You kill the dart slug!
A giant cockroach comes into view.
Found 10 gold pieces.
You see here a ball python corpse.
You butcher the ball python corpse.
Things that are here:
3 chunks of flesh; a ball python skeleton
Casting: Shock (safe; 2% risk of failure)
Confirm with . or Enter, or press ? or * to list all spells.
Aiming: Shock (safe; 2% risk of failure)
Press: ? - help, Shift-Dir - straight line, f - giant cockroach
Aim: a giant cockroach (clinging)
The zap hits the giant cockroach.
You kill the giant cockroach!
Casting: Shock (safe; 2% risk of failure)
Confirm with . or Enter, or press ? or * to list all spells.
You can't see any susceptible monsters within range! (Use Z to cast anyway.) Unknown command.
f - 7 chunks of flesh (gained 3)
You see here a ball python skeleton.
You butcher the giant cockroach corpse.
f - 9 chunks of flesh (gained 2) Sigmund the Dreaded comes into view.
He is wielding a +0 scythe.
You see here 10 gold pieces.
Sigmund is nearby!
Unknown command.
Throwing (i - inventory)
m - 5 datura-tipped darts (quivered)
Press: ? - help, Shift-Dir - straight line, f - Sigmund
Aim: Sigmund, wielding a +0 scythe and wearing a +0 robe (resting, chance to frenzy on hit: 80%)
Okay, then.
A worm comes into view.
Casting: Shock (safe; 2% risk of failure)
Confirm with . or Enter, or press ? or * to list all spells.
Aiming: Shock (safe; 2% risk of failure)
Press: ? - help, Shift-Dir - straight line The zap hits the worm.
The worm is lightly wounded.
The zap hits the worm.
The worm is moderately wounded.
Casting: Shock (safe; 2% risk of failure)
Confirm with . or Enter, or press ? or * to list all spells.
Aiming: Shock (safe; 2% risk of failure)
Press: ? - help, Shift-Dir - straight line The zap hits the worm.
The worm is heavily wounded.
The zap hits the worm!
The worm is almost dead.
Casting: Shock (safe; 2% risk of failure)
Confirm with . or Enter, or press ? or * to list all spells.
Aiming: Shock (safe; 2% risk of failure)
Press: ? - help, Shift-Dir - straight line The zap hits the worm.
You kill the worm!
You see here a worm corpse.
You butcher the worm corpse.
f - 11 chunks of flesh (gained 2)
Okay, then.
An orc priest comes into view.
It is wielding a +1 short sword of speed.
Casting: Shock (safe; 2% risk of failure)
Confirm with . or Enter, or press ? or * to list all spells.
Aiming: Shock (safe; 2% risk of failure)
Press: ? - help, Shift-Dir - straight line, f - orc priest
Aim: an orc priest, wielding a +1 short sword of speed and wearing a +0 ring mail (resting)
The zap hits the orc priest.
The orc priest is lightly wounded.
Casting: Shock (safe; 2% risk of failure)
Confirm with . or Enter, or press ? or * to list all spells.
Aiming: Shock (safe; 2% risk of failure)
Press: ? - help, Shift-Dir - straight line, f/p - orc priest
Aim: an orc priest, wielding a +1 short sword of speed and wearing a +0 ring mail (lightly wounded)
The zap hits the orc priest but does no damage.
The orc priest is lightly wounded.
You are feeling hungry.
An orc comes into view. It is wielding a +0 club.
An orc comes into view.
Casting: Shock (safe; 2% risk of failure)
Confirm with . or Enter, or press ? or * to list all spells.
Aiming: Shock (safe; 2% risk of failure)
Press: ? - help, Shift-Dir - straight line, f/p - orc priest
Aim: an orc priest, wielding a +1 short sword of speed and wearing a +0 ring mail (lightly wounded)
The zap misses the orc priest.
The zap hits the orc.
The orc is moderately wounded.
Casting: Shock (safe; 2% risk of failure)
Confirm with . or Enter, or press ? or * to list all spells.
Aiming: Shock (safe; 2% risk of failure)
Press: ? - help, Shift-Dir - straight line, f - orc, p - orc priest
Aim: an orc, wielding a +0 club and wearing a +0 leather armour (moderately wounded)
The zap hits the orc priest.
The orc priest is heavily wounded.
The zap hits the orc.
The orc is heavily wounded.
The zap hits the orc.
You kill the orc!
Casting: Shock (safe; 2% risk of failure)
Confirm with . or Enter, or press ? or * to list all spells.
Aiming: Shock (safe; 2% risk of failure)
Press: ? - help, Shift-Dir - straight line, f - orc
Aim: an orc, wearing a +0 leather armour (heavily wounded)
The zap hits the orc priest.
The orc priest is heavily wounded.
The zap hits the orc but does no damage.
The orc is heavily wounded.
Casting: Shock (safe; 2% risk of failure)
Confirm with . or Enter, or press ? or * to list all spells.
Aiming: Shock (safe; 2% risk of failure)
Press: ? - help, Shift-Dir - straight line, p - orc The zap hits the orc priest.
The orc priest is severely wounded.
The zap hits the orc.
You kill the orc!
Throwing (i - inventory)
m - 5 datura-tipped darts (quivered)
Press: ? - help, Shift-Dir - straight line, f - orc priest
Aim: an orc priest, wielding a +1 short sword of speed and wearing a +0 ring mail (severely wounded, chance to frenzy on hit: 80%)
Okay, then.
Quiver which item? (- for none, * to show all) (? for menu, Esc to quit)
Okay, then.
Throwing (i - inventory)
m - 5 datura-tipped darts (quivered)
Press: ? - help, Shift-Dir - straight line, f - orc priest
Aim: an orc priest, wielding a +1 short sword of speed and wearing a +0 ring mail (severely wounded, chance to frenzy on hit: 80%)
You throw a datura-tipped dart.
The datura-tipped dart barely misses the orc priest.
Throwing (i - inventory)
m - 4 datura-tipped darts (quivered)
Press: ? - help, Shift-Dir - straight line, f/p - orc priest
Aim: an orc priest, wielding a +1 short sword of speed and wearing a +0 ring mail (severely wounded, chance to frenzy on hit: 80%)
You throw a datura-tipped dart.
The datura-tipped dart hits the orc priest.
The orc priest flies into a frenzy!
The orc priest is severely wounded.
The orc priest hits you with a +1 short sword of speed! x2
* * * LOW HITPOINT WARNING * * *
Throwing (i - inventory)
m - 3 datura-tipped darts (quivered)
Press: ? - help, Shift-Dir - straight line, f - you, p - orc priest
Okay, then.
The orc priest completely misses you.
The orc priest shouts!
The orc priest completely misses you.
Some of the chunks of flesh in your inventory have rotted away.
The orc priest shouts!
The orc priest completely misses you.
Casting: Shock (safe; 2% risk of failure)
Confirm with . or Enter, or press ? or * to list all spells.
Aiming: Shock (safe; 2% risk of failure)
Press: ? - help, Shift-Dir - straight line, f - you, p - orc priest That beam is likely to hit you.
Continue anyway?
Okay, then.
The orc priest hits you but does no damage.
The orc priest shouts!
The orc priest misses you. What are your orders? t - Shout!
Orders for allies: a - Attack new target. r - Retreat! s - Stop attacking. g - Guard the area. f - Follow me.
Anything else - Cancel.
Gang up on whom?
Press: ? - help, Dir - move target cursor, f - you
Okay, then.
What are your orders? t - Shout!
Orders for allies: a - Attack new target. r - Retreat! s - Stop attacking. g - Guard the area. f - Follow me.
Anything else - Cancel.
Retreat in which direction?
Press: ? - help, Dir - move target cursor Fall back!
The orc priest barely misses you.
The orc priest hits you but does no damage.
What are your orders? t - Shout!
Orders for allies: a - Attack new target. r - Retreat! s - Stop attacking. g - Guard the area. f - Follow me.
Anything else - Cancel.
Retreat in which direction?
Press: ? - help, Dir - move target cursor Fall back!
The orc priest hits you with a +1 short sword of speed.
You die...

#. #..........#
#.###..........# .#
#..............# . ###
..######.รท.######.....
..$...................
#.#####..........#####
#. #.#.######.# #.
#.#.# #.# #. #.#.# #@#
#. #.#.######o# #@
#.#.. ..##.# #. #.###
#.##.# #.# #.##.#####.#
#.#####...........
#..........######.#
###########.......#
#.#####.#


You could see a neutral orc priest (insane).

Vanquished Creatures
  4 gnolls (D:2)
  An adder (D:1)
  An ooze (D:1)
  A worm (D:3)
  2 dart slugs
  3 leopard geckos
  2 orcs (D:3)
  A ball python (D:3)
  2 bats
  A giant cockroach (D:3)
  5 goblins
  2 hobgoblins
  4 jackals
  6 kobolds
  3 quokkas (D:2)
  3 frilled lizards
  5 rats
46 creatures vanquished.

Vanquished Creatures (others)
  4 toadstools (D:1)
4 creatures vanquished.

Grand Total: 50 creatures vanquished

Notes
Turn   | Place    | Note
-------+----------+-------------------------------------------
     0 | D:1      | FessEmpty the Tengu Air Elementalist began the quest for
                  | the Orb.
     0 | D:1      | Reached XP level 1. HP: 10/10 MP: 4/4
   119 | D:1      | Reached XP level 2. HP: 15/15 MP: 3/6
   518 | D:1      | Reached skill level 5 in Air Magic
   975 | D:1      | Reached XP level 3. HP: 13/19 MP: 2/7
  1264 | D:2      | Reached XP level 4. HP: 10/24 MP: 2/8
  1719 | D:2      | Reached skill level 6 in Air Magic
  2240 | D:3      | Noticed Sigmund
  2287 | D:3      | Slain by an orc priest

Levels and vault maps discovered:
D:1:      ldierk_water_garden, layout_loops_ring
D:2:      layout_rooms, minmay_tripent
D:3:      layout_loops_ring, st_stairs_11, minmay_ogre_servants, uniq_sigmund

Skill      XL: |  1  2  3  4 |
---------------+-------------+-----
Air Magic      | 5 6 |  6.3
Conjurations   | 2 3 |  3.6
Dodging        | |  2.1
Stealth        | |  2.0
Spellcasting   | |  2.0

Action                   |  1- 3 |  4- 6 || total
-------------------------+-------+-------++-------
Melee: Unarmed           |     1 |     3 ||     4
Throw: Dart              |       |     2 ||     2
 Cast: Shock             |    38 |    42 ||    80
 Stab: Sleeping          |     1 |     1 ||     2
  Eat: Chunk             |     2 |     3 ||     5
Armor: Robe              |    14 |     4 ||    18
Dodge: Dodged            |    15 |    21 ||    36
